 Dungeon Crawl Stone Soup version 0.28.0-43-g3370ac3207 (webtiles) character file.

Game seed: 13590928540728760661

71 spiecas the Poker (level 4, -2/34 HPs)
             Began as a Merfolk Gladiator on Mar 7, 2022.
             Slain by a black bear (7 damage)
             ... on level 3 of the Dungeon.
             The game lasted 00:12:35 (2931 turns).

spiecas the Poker (Merfolk Gladiator)               Turns: 2931, Time: 00:12:36

Health: -2/34      AC:  5    Str: 14    XL:     4   Next: 24%
Magic:  4/4        EV: 13    Int:  7    God:
Gold:   71         SH:  0    Dex: 17    Spells: 3/3 levels left

rFire   . . .      SeeInvis .   a - +0 trident
rCold   . . .      Faith    .   (no shield)
rNeg    . . .      Spirit   .   b - +0 leather armour
rPois   .          Reflect  .   h - +0 helmet
rElec   .          Harm     .   (no cloak)
rCorr   .          Rampage  .   m - +0 pair of gloves
Will    .....                   (no boots)
Stlth   +.........              (no amulet)
HPRegen 0.11/turn               (no ring)
MPRegen 0.09/turn               (no ring)

@: hasted, very quick
A: (nimble swimmer 2), mertail
a: no special abilities


You were on level 3 of the Dungeon.
You visited 1 branch of the dungeon, and saw 3 of its levels.

You collected 71 gold pieces.

Inventory:

Hand Weapons
 a - a +0 trident (weapon)
 l - a +0 short sword
Missiles
 d - 3 throwing nets (quivered)
Armour
 b - a +0 leather armour (worn)
 h - a +0 helmet (worn)
 j - a +0 pair of boots
 k - a +3 scale mail
 m - a +0 pair of gloves (worn)
Scrolls
 e - a scroll of identify
 i - 2 scrolls of enchant armour
Potions
 c - a potion of haste
 f - a potion of invisibility
 g - 2 potions of curing


   Skills:
 + Level 2.5 Fighting
 + Level 2.1(2.2) Short Blades
 + Level 0.2(1.2) Long Blades
 + Level 5.1 Polearms
 + Level 2.2 Throwing
 + Level 0.5 Armour
 + Level 4.5 Dodging
 + Level 0.5 Stealth


You had 3 spell levels left.
You didn't know any spells.
Your spell library contained the following spells:

 Spells                   Type           Power      Damage    Failure   Level
 Gell's Gravitas          Tloc           0%         N/A       87%         3
 Lesser Beckoning         Tloc           0%         N/A       87%         3
 Teleport Other           Tloc           0%         N/A       87%         3


Dungeon Overview and Level Annotations

Branches:
Dungeon (3/15)

Altars:
Elyvilon

Shops:
D:2 [(


Innate Abilities, Weirdness & Mutations

((You are very nimble when in or above water. (Stealth+, EV+, Speed+++)))
Your lower body shifts to a powerful aquatic tail in water.


Message History

You hit the black bear.
The black bear is heavily wounded.
The black bear bites you but does no damage.
The black bear barely misses you.
The black bear claws you but does no damage.
You barely miss the black bear.
The black bear is heavily wounded.
The black bear closely misses you.
The black bear claws you but does no damage.
The black bear barely misses you.
You puncture the black bear!
The black bear is severely wounded.
The jackal bites you. The black bear bites you!
The black bear closely misses you. x2; The jackal bites you.
You hit the black bear but do no damage.
The black bear is severely wounded.
The black bear completely misses you. The black bear claws you.
The black bear closely misses you.
The jackal bites you but does no damage.
You barely miss the black bear.
The black bear is severely wounded.
The jackal barely misses you.
The black bear goes berserk!
The jackal bites you but does no damage.
You hit the black bear.
The black bear is almost dead.
The black bear bites you! The black bear barely misses you.
The black bear closely misses you. The black bear bites you!
* * * LOW HITPOINT WARNING * * *
The black bear claws you but does no damage.
The black bear completely misses you. The jackal misses you.
Okay, then.
You feel better. The black bear misses you. The black bear claws you.
* * * LOW HITPOINT WARNING * * *
The black bear closely misses you. The jackal bites you.
* * * LOW HITPOINT WARNING * * *
The black bear bites you.
* * * LOW HITPOINT WARNING * * *
The black bear misses you. The black bear closely misses you.
You feel yourself speed up. The black bear bites you!
You die...

# ################## #.
#.#.#.#.#.#.#.#.#. #.#
#.#.#.#.#.#.#)#.#
#hS###.###†###.###.##
#h#.#.#)#.#.#.#.#.#
.....hh#@#.#.#.#.#.#.#.#.
#########################


You could see a black bear (berserk), an adder and a jackal.

Vanquished Creatures
  Jessica (D:2)
  A dart slug (D:1)
  4 endoplasms (D:1)
  A giant cockroach (D:1)
  5 goblins
  3 hobgoblins (D:1)
  3 jackals (D:1)
  4 kobolds
  2 quokkas (D:1)
  5 ball pythons
  4 bats
  3 frilled lizards
  5 rats
41 creatures vanquished.

Vanquished Creatures (others)
  A withered plant (D:3)
1 creature vanquished.

Grand Total: 42 creatures vanquished

Notes
Turn   | Place    | Note
-------+----------+-------------------------------------------
     0 | D:1      | spiecas the Merfolk Gladiator began the quest for the Orb.
     0 | D:1      | Reached XP level 1. HP: 16/16 MP: 1/1
   105 | D:1      | Reached XP level 2. HP: 15/22 MP: 2/2
   637 | D:1      | Reached XP level 3. HP: 21/28 MP: 3/3
   765 | D:1      | Reached skill level 1 in Short Blades
  1328 | D:2      | Found a white marble altar of Elyvilon.
  1681 | D:2      | Found Juotuj's Antique Armour Shop.
  1783 | D:2      | Noticed Jessica
  1828 | D:2      | HP: 1/28 [Jessica/nerve-wracking pain (14)]
  2353 | D:2      | Killed Jessica
  2354 | D:2      | Reached skill level 5 in Polearms
  2354 | D:2      | Reached XP level 4. HP: 34/34 MP: 4/4
  2675 | D:2      | Found Bire's Antique Weapon Shop.
  2919 | D:3      | Noticed a black bear
  2931 | D:3      | Slain by a black bear

Illustrated notes

Levels and vault maps discovered:
D:1:      wheals_arrival_linesprint, layout_rooms
D:2:      layout_basic, basic_altar, serial_glass, glass_columns_c,
          glass_columns_c, glass_columns_a, glass_columns_a, glass_columns_b,
          glass_columns_b, glass_columns_a, glass_columns_a, serial_shops,
          nicolae_shop_crystal, shop, roderic_serpentine_path,
          chequers_serial_rivers_large_a, chequers_garden, uniq_jessica
D:3:      layout_basic, ashenzari_altar_1, nzn_wu_jian_council_hall,
          shapermc_ecumenical_altar_flowoftime, grunt_decor_arrowhead,
          roderic_roman_lattice, amcnicky_mini_corridor_feature

Skill      XL: |  1  2  3 |
---------------+----------+-----
Short Blades   | 2 |  2.1
Polearms       | 5 |  5.1
Fighting       | |  2.5
Long Blades    | |  0.2
Throwing       | |  2.2
Armour         | |  0.5
Dodging        | |  4.5
Stealth        | |  0.5

Action                   |  1- 3 |  4- 6 || total
-------------------------+-------+-------++-------
Melee: Trident           |    52 |    24 ||    76
       Dagger            |    10 |       ||    10
       Short sword       |    51 |       ||    51
       Punch             |     4 |       ||     4
       Tailslap          |     2 |       ||     2
Throw: Throwing net      |     2 |       ||     2
  Use: Scroll            |     4 |       ||     4
       Potion            |       |     2 ||     2
 Stab: Sleeping          |     2 |     1 ||     3
       Distracted        |       |     1 ||     1
Armor: Leather armour    |    36 |    11 ||    47
Dodge: Dodged            |    99 |    31 ||   130
